 Dungeon Crawl Stone Soup version 0.30-a0-632-g346586fe48 (webtiles) character file.

Game seed: 9039710511451862943

6265 bmack86 the Cleaver (level 10, -3/90 HPs)
             Began as a Minotaur Fighter on Jan 14, 2023.
             Was a Believer of Okawaru.
             Slain by a troll zombie (4 damage)
             ... on level 9 of the Dungeon.
             The game lasted 00:23:52 (8145 turns).

bmack86 the Cleaver (Minotaur Fighter)              Turns: 8145, Time: 00:23:52

Health: -3/90      AC: 16    Str: 25    XL:     10   Next: 62%
Magic:  0/10       EV:  6    Int:  5    God:    Okawaru [**....]
Gold:   216        SH: 10    Dex: 10    Spells: 9/9 levels left

rFire   . . .      SeeInvis .    a - +1 war axe
rCold   . . .      Faith    .    x - +0 kite shield
rNeg    + . .      Spirit   .    s - +0 plate armour
rPois   .          Reflect  .    (helmet restricted)
rElec   .          Harm     .    (no cloak)
rCorr   .          Rampage  .    v - +0 pair of gloves {infuse}
Will    .....                    q - +0 pair of boots Stlth
                                 (no amulet)
HPRegen 0.35/turn                y - ring of positive energy
MPRegen 0.12/turn                (no ring)

@: no status effects
A: horns 2, retaliatory headbutt
a: Renounce Religion, Heroism


You were on level 9 of the Dungeon.
You worshipped Okawaru.
Okawaru was pleased with you.
You visited 2 branches of the dungeon, and saw 10 of its levels.
You also visited: Sewer.

You collected 391 gold pieces.
You spent 175 gold pieces at shops.

Inventory:

Hand Weapons
 a - a +1 war axe (weapon)
 C - a +5 battleaxe of freezing
Missiles
 b - 3 boomerangs
 l - 16 poisoned darts (quivered)
 B - 2 throwing nets
 D - 6 javelins
Armour
 q - a +0 pair of boots (worn)
 s - a +0 plate armour (worn)
 v - a +0 pair of gloves of infusion (worn)
 x - a +0 kite shield (worn)
Jewellery
 c - a ring of fire
 w - a ring of fire
 y - a ring of positive energy (left hand)
Wands
 k - a wand of quicksilver (8)
 o - a wand of charming (24)
 t - a wand of polymorph (8)
 A - a wand of iceblast (12)
Scrolls
 n - 4 scrolls of poison
 r - a scroll of silence
 u - a scroll of teleportation
 z - a scroll of enchant weapon
 E - 2 scrolls of fear
 F - 2 scrolls of enchant armour {unknown}
 G - a scroll of summoning {unknown}
Potions
 d - a potion of might
 e - 2 potions of mutation
 f - 5 potions of flight
 g - 2 potions of cancellation
 h - 5 potions of curing
 i - 3 potions of haste
 j - 5 potions of brilliance
 m - 3 potions of lignification
 p - 2 potions of berserk rage {unknown}


   Skills:
 + Level 8.5 Fighting
 * Level 11.3 Axes
 + Level 2.5 Throwing
 + Level 8.7 Armour
 + Level 8.6 Shields
 + Level 2.3 Invocations
 - Level 5.1 Evocations


You had 9 spell levels left.
You didn't know any spells.
Your spell library contained the following spells:

 Spells                   Type           Power      Damage    Failure   Level
 Apportation              Tloc           0%         N/A       100%        1
 Necrotise                Necr           0%         1d4       100%        1
 Slow                     Hex            0%         N/A       100%        1
 Cigotuvi's Dreadful Rot  Necr/Pois/Air  0%         N/A       100%        2
 Poisonous Vapours        Pois/Air       0%         N/A       100%        2
 Static Discharge         Conj/Air       0%         2-2/arc   100%        2
 Confusing Touch          Hex            0%         N/A       100%        3
 Inner Flame              Hex/Fire       0%         N/A       100%        3
 Mephitic Cloud           Conj/Pois/Air  0%         N/A       100%        3
 Vampiric Draining        Necr           0%         2d6       100%        3
 Vhi's Electric Charge    Tloc/Air       0%         N/A       100%        3
 Cause Fear               Hex            0%         N/A       100%        4
 Arcjolt                  Conj/Air       0%         1d10      100%        5
 Lightning Bolt           Conj/Air       0%         1d11      100%        5
 Discord                  Hex            0%         N/A       100%        8
 Summon Small Mammal      Summ           Unusable   N/A       N/A         1

Dungeon Overview and Level Annotations

Branches:
Dungeon (9/15)             Temple (1/1) D:7             Orc (0/2) D:9
  Sewer (visited)
   Lair: D:8-11

Altars:
Ashenzari
Cheibriados
Dithmenos
Elyvilon
Fedhas
Gozag
Hepliaklqana
Kikubaaqudgha
Makhleb
Nemelex Xobeh
Okawaru
Qazlal
Ru
Sif Muna
Trog
Uskayaw
Vehumet
Wu Jian
Xom
Yredelemnul
Zin

Shops:
D:4 [


Innate Abilities, Weirdness & Mutations

You have a pair of horns on your head.
You reflexively headbutt those who attack you in melee.


Message History

The troll zombie claws you!
* * * LOW HITPOINT WARNING * * *
The orc zombie hits you but does no damage.
The troll zombie barely misses you. You furiously retaliate!
You headbutt the troll zombie.
You destroy the troll zombie!
Okawaru accepts your kill. The ogre zombie barely misses you.
You slash the orc priest!
You kill the orc priest!
Okawaru accepts your kill.
You barely miss the orc zombie. You slash the ogre zombie!
You barely miss the troll zombie. The troll zombie bites you.
* * * LOW HITPOINT WARNING * * *
The troll zombie claws you but does no damage. x2
The orc zombie hits you but does no damage.
You block the orc zombie's attack.
You see here a +0 short sword.
You slash the ogre zombie! You headbutt the ogre zombie.
The ogre zombie is severely damaged.
You hit the orc zombie. You block the ogre zombie's attack.
The orc zombie barely misses you. You furiously retaliate!
You headbutt the orc zombie!
You destroy the orc zombie!
You slash the ogre zombie!
You destroy the ogre zombie!
Okawaru accepts your kill.
You slice the troll zombie!!
The troll zombie is moderately damaged.
You barely miss the troll zombie. You headbutt the troll zombie!
The troll zombie is heavily damaged.
The troll zombie barely misses you. You block the troll zombie's attack.
The troll zombie claws you but does no damage.
You slash the troll zombie! You headbutt the troll zombie!
The troll zombie is almost destroyed.
You slash the ogre zombie! The troll zombie bites you!
* * * LOW HITPOINT WARNING * * *
The troll zombie claws you but does no damage.
The troll zombie claws you.
You die...

#Z ## ..# .
..# # ...
#Z.## ..
##.##.##.#
.#.#..##.#
#o.....#...#
.W.$#..#..##
.Z###.Z#...#
# #..ZZ@#.#
##..#Z..#
#.#..#.#
...###..#
##.#.#..##
##########
###.### #
####.#.....#
#...# .#
..)....#####
##..###.#
###....#
##.....#


You could see an orc zombie, an ogre zombie, a troll zombie and an orc skeleton.

Vanquished Creatures
  A two-headed ogre (D:8)
  A centaur warrior (D:9)
  A cyclops (D:7)
  3 shadows (D:9)
  A wyvern (D:9)
  3 yaks (D:9)
  2 water moccasins
  An orc warrior (D:5)
  5 black bears
  2 ogres (D:6)
  4 centaurs
  2 phantoms
  A kobold brigand (D:8)
  2 bullfrogs
  2 scorpions
  A gnoll sergeant (D:8)
  14 wights
  2 troll zombies (D:9)
  5 howler monkeys
  2 hounds
  4 jellies
  3 orc priests
  6 iguanas
  6 orc wizards
  A hell rat (Sewer)
  2 ogre zombies (D:9)
  5 gnolls (D:8)
  2 river rats (Sewer)
  7 adders
  3 worms
  3 dart slugs
  32 orcs
  4 bats
  7 endoplasms
  3 giant cockroaches
  5 hobgoblins
  6 jackals
  15 kobolds
  6 quokkas
  13 ball pythons
  3 frilled lizards
  12 goblins
  A goblin zombie (D:9)
  A hobgoblin skeleton (D:9)
  3 orc zombies (D:9)
  7 rats
215 creatures vanquished.

Notes
Turn   | Place    | Note
-------+----------+-------------------------------------------
     0 | D:1      | bmack86 the Minotaur Fighter began the quest for the Orb.
     0 | D:1      | Reached XP level 1. HP: 19/19 MP: 0/0
   150 | D:1      | Reached XP level 2. HP: 27/27 MP: 1/1
   296 | D:1      | Reached skill level 3 in Axes
   877 | D:2      | Reached XP level 3. HP: 32/33 MP: 2/2
  1488 | D:3      | Reached XP level 4. HP: 36/40 MP: 3/3
  1488 | D:3      | Found a glowing drain.
  1526 | Sewer    | Entered a sewer
  1539 | Sewer    | Reached skill level 4 in Axes
  1561 | Sewer    | Reached skill level 1 in Evocations
  1800 | D:3      | Noticed a blizzard demon
  1801 | D:3      | Found a burning altar of Makhleb.
  1806 | D:3      | Found a glowing silver altar of Zin.
  1807 | D:3      | Noticed an angel
  2120 | D:4      | Reached XP level 5. HP: 42/47 MP: 4/4
  2233 | D:4      | Found Uggic's Armour Boutique.
  2239 | D:4      | Reached XP level 6. HP: 40/53 MP: 5/5
  2244 | D:4      | Reached skill level 5 in Axes
  2497 | D:4      | Reached skill level 5 in Fighting
  2497 | D:4      | Reached skill level 5 in Armour
  2497 | D:4      | Reached skill level 5 in Shields
  2666 | D:4      | Reached XP level 7. HP: 61/61 MP: 6/6
  2727 | D:4      | Reached skill level 6 in Axes
  2848 | D:4      | Bought a +0 pair of gloves of infusion for 126 gold pieces
  2974 | D:5      | Entered Level 5 of the Dungeon
  3257 | D:4      | Bought a +0 kite shield for 49 gold pieces
  3412 | D:5      | Reached skill level 7 in Axes
  3412 | D:5      | Reached XP level 8. HP: 65/70 MP: 3/7
  4120 | D:6      | Found an opulent altar of Gozag.
  4132 | D:6      | Found a stormy altar of Qazlal.
  4221 | D:6      | Reached skill level 8 in Axes
  4586 | D:6      | Reached XP level 9. HP: 71/78 MP: 1/8
  4956 | D:6      | Reached skill level 9 in Axes
  5326 | D:7      | Noticed a cyclops
  5334 | D:7      | Killed a cyclops
  5440 | D:7      | Found a staircase to the Ecumenical Temple.
  5452 | Temple   | Entered the Ecumenical Temple
  5639 | Temple   | Became a worshipper of Warmaster Okawaru
  6454 | D:8      | Reached skill level 10 in Axes
  6541 | D:8      | Identified the +1 robe "Ziqoxo" {+Inv rN+++ Str-4 Int-2}
  6574 | D:8      | Noticed a two-headed ogre
  6582 | D:8      | Killed a two-headed ogre
  6582 | D:8      | Reached * piety under Okawaru
  6583 | D:8      | Reached skill level 5 in Evocations
  6583 | D:8      | Reached XP level 10. HP: 39/88 MP: 3/9
  7346 | D:9      | Reached skill level 1 in Throwing
  7578 | D:9      | Reached skill level 1 in Invocations
  7677 | D:9      | Noticed a centaur warrior
  7687 | D:9      | Killed a centaur warrior
  7687 | D:9      | Reached ** piety under Okawaru
  7688 | D:9      | Reached skill level 11 in Axes
  8119 | D:9      | Found a staircase to the Orcish Mines.
  8145 | D:9      | HP: 1/90 [troll zombie (9)]
  8145 | D:9      | Slain by a troll zombie

Illustrated notes

Levels and vault maps discovered:
D:1:      minmay_arrival_solitary_statue, layout_loops_ring
D:2:      layout_loops_ring
D:3:      layout_basic, grunt_temple_overflow_order_and_chaos_2,
          cheibrodos_sewer_entry_sluice
D:4:      layout_rooms, roderic_lattice_a, kennysheep_small_square
D:5:      black_bear_nest_1, layout_rooms
D:6:      layout_basic, mainiacjoe_overflow_swirl
D:7:      layout_basic, minmay_temple_entry_mist, enter_bailey_5
D:8:      layout_basic
D:9:      layout_stronghold, zombieorc1_lemuel
Temple:   mainiacjoe_temple_bowtie_tessellation

Skill      XL: |  1  2  3  4  5  6  7  8  9 10 |
---------------+-------------------------------+-----
Axes           | 3 4 5 7 8 10 11 | 11.3
Shields        | 4 5 6 8 |  8.6
Armour         | 4 5 6 8 |  8.7
Fighting       | 4 5 6 7 8 |  8.5
Evocations     | 1 2 3 4 5 |  5.1
Throwing       | 2 |  2.5
Invocations    | 2 |  2.3

Action                   |  1- 3 |  4- 6 |  7- 9 | 10-12 || total
-------------------------+-------+-------+-------+-------++-------
Melee: War axe           |    88 |   112 |   225 |    89 ||   514
       Headbutt          |    12 |    14 |    31 |    18 ||    75
Throw: Dart              |    15 |       |       |       ||    15
Invok: Heroism           |       |       |       |     1 ||     1
  Use: Scroll            |     5 |     1 |    10 |       ||    16
       Potion            |       |     1 |     1 |       ||     2
Armor: Scale mail        |    30 |    60 |       |       ||    90
       Plate armour      |       |    17 |   175 |    77 ||   269
Dodge: Dodged            |    41 |    49 |    57 |    26 ||   173
Block: Buckler           |    21 |    23 |     7 |       ||    51
       Kite shield       |       |       |   101 |    47 ||   148

Table legend: (Time is in decaauts)
 A = Elapsed time spent in this place.
 B = Non-inter-level travel time spent in this place.
 C = Inter-level travel time spent in this place.
 D = Time resting spent in this place.
 E = Time spent auto-exploring this place.
 F = Levels seen in this place.
 G = Mean time per level.
                   A        B        C        D        E       F      G
               +--------+--------+--------+--------+--------+-----+--------+
         Total |   8299 |   8089 |    210 |    745 |   4247 |  11 |  754.5 |
       Dungeon |   7862 |   7656 |    206 |    695 |   4005 |   9 |  873.6 |
        Temple |    201 |    197 |      4 |      0 |    172 |   1 |  201.0 |
         Sewer |    235 |    235 |      0 |     50 |     69 |   1 |  235.0 |
               +--------+--------+--------+--------+--------+-----+--------+

Top non-repeatable levels by time:
     D:6: 1185 daAuts
     D:8: 1094 daAuts
     D:5: 1008 daAuts
     D:4: 985 daAuts
     D:7: 828 daAuts
     D:9: 817 daAuts
     D:1: 785 daAuts
     D:2: 675 daAuts
     D:3: 481 daAuts
   Sewer: 235 daAuts
  Temple: 201 daAuts
